2598 views
Uploaded 2022-04-27 15:49:11
Game version 1.32.10
15:49 long 4on4 ladder game on (8)GolemsInTheMist_LV
Saved by xzz
2598 views
Uploaded 2022-04-27 15:49:11
Game version 1.32.10
15:49 long 4on4 ladder game on (8)GolemsInTheMist_LV


120 units @ 14.5k
/ 1.9k
54 buildings @ 9.1k
/ 3.8k

| Moonstone | 2 | 100 |
| Lesser Clarity Potion | 2 | 140 |
| total: | 4 | 240g |
| Wisp | 12 | 720 | / | 0 |
| Glaive Thrower | 8 | 1680 | / | 520 |
| Druid of the Claw | 4 | 1020 | / | 320 |
| total: | 24 | 3420g | / | 840w |
| Altar of Elders | 1 | 180 | / | 50 |
| Moon Well | 5 | 900 | / | 200 |
| Ancient of Wonders | 1 | 90 | / | 30 |
| Ancient of War | 2 | 300 | / | 120 |
| Hunter's Hall | 1 | 210 | / | 100 |
| Ancient of Lore | 2 | 310 | / | 290 |
| Tree of Ages | 1 | 320 | / | 180 |
| Tree of Eternity | 1 | 330 | / | 200 |
| total: | 12 | 1990g | / | 790w |
| 0:01 | Wisp |
| 0:08 | Altar of Elders |
| 0:12 | Wisp |
| 0:12 | Wisp |
| 0:20 | Moon Well |
| 0:27 | Wisp |
| 0:51 | Wisp |
| 1:08 | Wisp |
| 1:24 | Ancient of Wonders |
| 1:27 | Moon Well |
| 1:30 | Moon Well |
| 1:38 | Wisp |
| 1:49 | Wisp |
| 1:59 | Wisp |
| 2:11 | Fan of Knives |
| 2:24 | Tree of Ages |
| 2:48 | Ancient of War |
| 3:11 | Hunter's Hall |
| 3:25 | Moon Well |
| 3:30 | Moonstone |
| 3:31 | Lesser Clarity Potion |
| 3:41 | Ancient of War |
| 4:13 | Glaive Thrower |
| 4:25 | Blink |
| 4:43 | Glaive Thrower |
| 4:44 | Glaive Thrower |
| 4:54 | Moon Well |
| 5:26 | Glaive Thrower |
| 5:52 | Strength of the Moon |
| 5:53 | Glaive Thrower |
| 6:24 | Glaive Thrower |
| 6:27 | Glaive Thrower |
| 7:34 | Glaive Thrower |
| 7:35 | Vorpal Blades |
| 8:36 | Ancient of Lore |
| 8:41 | Wisp |
| 8:56 | Ancient of Lore |
| 9:10 | Lesser Clarity Potion |
| 9:11 | Moonstone |
| 9:55 | Fan of Knives |
| 9:57 | Druid of the Claw |
| 10:04 | Wisp |
| 10:04 | Wisp |
| 10:09 | Druid of the Claw |
| 10:36 | Druid of the Claw |
| 11:10 | Druid of the Claw |
| 11:21 | Tree of Eternity |
| Right click | 644 |
| Chat | 233 |
| Select | 174 |
| Select group | 110 |
| Build/train/purchase | 56 |
| Misc. action | 26 |
| Assign group | 17 |
| Use ability | 10 |
| Minimap ping | 5 |
| Item give/drop | 3 |
| Remove unit | 1 |

| Potion of Healing | 1 | 150 |
| Lesser Clarity Potion | 2 | 140 |
| Scroll of Town Portal | 1 | 350 |
| Dust of Appearance | 1 | 75 |
| total: | 5 | 715g |
| Wisp | 15 | 900 | / | 0 |
| Archer | 11 | 1430 | / | 110 |
| Hippogryph | 4 | 640 | / | 80 |
| Goblin Shredder | 1 | 375 | / | 100 |
| total: | 31 | 3345g | / | 290w |
| Altar of Elders | 1 | 180 | / | 50 |
| Moon Well | 5 | 900 | / | 200 |
| Ancient of War | 2 | 300 | / | 120 |
| Ancient of Wonders | 1 | 90 | / | 30 |
| Hunter's Hall | 1 | 210 | / | 100 |
| Tree of Life | 1 | 340 | / | 185 |
| Ancient of Wind | 2 | 300 | / | 280 |
| Tree of Ages | 1 | 320 | / | 180 |
| Tree of Eternity | 1 | 330 | / | 200 |
| total: | 13 | 2320g | / | 965w |
| 0:04 | Wisp |
| 0:04 | Wisp |
| 0:05 | Wisp |
| 0:21 | Altar of Elders |
| 0:35 | Moon Well |
| 0:44 | Wisp |
| 0:50 | Ancient of War |
| 0:54 | Wisp |
| 1:20 | Moon Well |
| 1:33 | Wisp |
| 1:33 | Wisp |
| 1:41 | Ancient of Wonders |
| 1:51 | Archer |
| 1:54 | Archer |
| 2:06 | Wisp |
| 2:06 | Wisp |
| 2:27 | Force of Nature |
| 2:44 | Archer |
| 2:44 | Wisp |
| 2:44 | Wisp |
| 2:46 | Archer |
| 3:00 | Moon Well |
| 3:29 | Ancient of War |
| 3:37 | Archer |
| 3:53 | Entangling Roots |
| 3:59 | Tree of Ages |
| 4:28 | Hunter's Hall |
| 5:03 | Tree of Life |
| 5:36 | Archer |
| 5:45 | Strength of the Moon |
| 5:45 | Ultravision |
| 5:46 | Archer |
| 6:23 | Goblin Shredder |
| 6:30 | Improved Bows |
| 7:10 | Archer |
| 7:10 | Improved Strength of the Moon |
| 7:13 | Force of Nature |
| 7:40 | Moon Well |
| 7:43 | Ancient of Wind |
| 7:55 | Wisp |
| 8:09 | Archer |
| 8:34 | Archer |
| 8:39 | Moon Armor |
| 8:55 | Wisp |
| 8:55 | Wisp |
| 8:55 | Wisp |
| 9:28 | Tree of Eternity |
| 9:32 | Moon Well |
| 9:56 | Entangling Roots |
| 10:02 | Archer |
| 10:16 | Improved Moon Armor |
| 10:28 | Ancient of Wind |
| 10:29 | Hippogryph |
| 10:29 | Hippogryph |
| 11:07 | Scroll of Town Portal |
| 11:07 | Dust of Appearance |
| 11:08 | Potion of Healing |
| 11:09 | Lesser Clarity Potion |
| 11:12 | Lesser Clarity Potion |
| 11:24 | Hippogryph |
| 11:25 | Hippogryph |
| Right click | 295 |
| Select group | 154 |
| Select | 145 |
| Build/train/purchase | 52 |
| Assign group | 42 |
| Chat | 31 |
| Use ability | 19 |
| Misc. action | 1 |

| Potion of Healing | 2 | 300 |
| Scroll of Town Portal | 1 | 350 |
| total: | 3 | 650g |
| Wisp | 23 | 1380 | / | 0 |
| Archer | 12 | 1560 | / | 120 |
| Huntress | 1 | 195 | / | 20 |
| Goblin Shredder | 1 | 375 | / | 100 |
| total: | 37 | 3510g | / | 240w |
| Ancient Protector | 6 | 810 | / | 480 |
| Moon Well | 6 | 1080 | / | 240 |
| Ancient of War | 1 | 150 | / | 60 |
| Altar of Elders | 1 | 180 | / | 50 |
| Ancient of Wonders | 1 | 90 | / | 30 |
| Hunter's Hall | 1 | 210 | / | 100 |
| Tree of Life | 1 | 340 | / | 185 |
| Ancient of Lore | 1 | 155 | / | 145 |
| Tree of Ages | 1 | 320 | / | 180 |
| Tree of Eternity | 1 | 330 | / | 200 |
| total: | 18 | 3015g | / | 1290w |
| 0:14 | Wisp |
| 0:15 | Wisp |
| 0:15 | Wisp |
| 0:31 | Moon Well |
| 0:37 | Ancient of War |
| 0:47 | Altar of Elders |
| 0:52 | Wisp |
| 0:59 | Wisp |
| 0:59 | Wisp |
| 1:20 | Wisp |
| 1:20 | Wisp |
| 1:40 | Wisp |
| 1:46 | Archer |
| 2:05 | Moon Well |
| 2:12 | Ancient of Wonders |
| 2:20 | Wisp |
| 2:26 | Moon Well |
| 2:58 | Immolation |
| 3:10 | Archer |
| 3:10 | Archer |
| 3:10 | Archer |
| 3:15 | Moon Well |
| 3:57 | Hunter's Hall |
| 4:20 | Moon Well |
| 4:23 | Archer |
| 4:31 | Wisp |
| 4:31 | Wisp |
| 4:35 | Archer |
| 5:06 | Ancient Protector |
| 5:11 | Ancient Protector |
| 5:15 | Ancient Protector |
| 5:44 | Mana Burn |
| 5:55 | Tree of Life |
| 5:58 | Wisp |
| 5:58 | Wisp |
| 6:40 | Tree of Ages |
| 7:06 | Archer |
| 7:07 | Archer |
| 7:22 | Ancient Protector |
| 7:26 | Ancient Protector |
| 7:33 | Archer |
| 7:51 | Ancient Protector |
| 8:56 | Moon Armor |
| 8:57 | Strength of the Moon |
| 9:01 | Wisp |
| 9:01 | Wisp |
| 9:01 | Wisp |
| 9:01 | Wisp |
| 9:02 | Wisp |
| 9:06 | Wisp |
| 9:06 | Wisp |
| 9:06 | Wisp |
| 9:57 | Wisp |
| 10:07 | Tree of Eternity |
| 10:17 | Evasion |
| 10:41 | Goblin Shredder |
| 10:51 | Moon Well |
| 10:59 | Ancient of Lore |
| 11:12 | Scroll of Town Portal |
| 11:13 | Potion of Healing |
| 11:14 | Potion of Healing |
| 11:17 | Huntress |
| 11:17 | Archer |
| 11:17 | Archer |
| 11:17 | Archer |
| Right click | 359 |
| Select | 123 |
| Chat | 72 |
| Build/train/purchase | 64 |
| Use ability | 7 |
| Remove unit | 1 |

| Healing Salve | 3 | 300 |
| Lesser Clarity Potion | 1 | 70 |
| total: | 4 | 370g |
| Peon | 7 | 525 | / | 0 |
| Grunt | 1 | 200 | / | 0 |
| Troll Headhunter | 10 | 1400 | / | 200 |
| Wind Rider | 2 | 530 | / | 80 |
| Shaman | 4 | 520 | / | 80 |
| Kodo Beast | 1 | 255 | / | 60 |
| Goblin Shredder | 1 | 375 | / | 100 |
| Forest Troll Shadow Priest | 1 | 195 | / | 10 |
| Forest Troll Berserker | 1 | 245 | / | 30 |
| total: | 28 | 4245g | / | 560w |
| Orc Burrow | 4 | 640 | / | 160 |
| Altar of Storms | 1 | 180 | / | 50 |
| Barracks | 1 | 180 | / | 50 |
| War Mill | 1 | 205 | / | 0 |
| Voodoo Lounge | 1 | 130 | / | 30 |
| Beastiary | 2 | 290 | / | 280 |
| Spirit Lodge | 1 | 150 | / | 150 |
| Stronghold | 1 | 315 | / | 190 |
| Fortress | 1 | 325 | / | 190 |
| total: | 11 | 1775g | / | 720w |
| 0:12 | Peon |
| 0:12 | Peon |
| 0:14 | Orc Burrow |
| 0:17 | Altar of Storms |
| 0:42 | Barracks |
| 1:07 | Peon |
| 1:26 | War Mill |
| 1:38 | Peon |
| 1:45 | Grunt |
| 2:04 | Orc Burrow |
| 2:07 | Peon |
| 2:28 | Serpent Ward |
| 2:40 | Troll Headhunter |
| 2:44 | Peon |
| 2:48 | Voodoo Lounge |
| 3:00 | Troll Headhunter |
| 3:34 | Troll Headhunter |
| 3:35 | Peon |
| 3:39 | Hex |
| 3:52 | Troll Headhunter |
| 4:02 | Forest Troll Shadow Priest |
| 4:06 | Forest Troll Berserker |
| 4:31 | Healing Salve |
| 4:48 | Stronghold |
| 4:54 | Lesser Clarity Potion |
| 5:24 | Orc Burrow |
| 6:17 | Goblin Shredder |
| 6:48 | Troll Headhunter |
| 6:49 | Steel Armor |
| 7:47 | Beastiary |
| 7:50 | Spirit Lodge |
| 7:54 | Beastiary |
| 7:59 | Orc Burrow |
| 8:02 | Troll Headhunter |
| 8:15 | Serpent Ward |
| 9:23 | Wind Rider |
| 9:25 | Shaman |
| 9:47 | Wind Rider |
| 9:49 | Troll Headhunter |
| 9:49 | Troll Headhunter |
| 9:51 | Shaman |
| 9:52 | Shaman Adept Training |
| 10:00 | Hex |
| 10:27 | Fortress |
| 10:54 | Troll Regeneration |
| 10:59 | Troll Headhunter |
| 11:00 | Troll Headhunter |
| 11:06 | Kodo Beast |
| 11:29 | Shaman |
| 11:49 | Healing Salve |
| 11:51 | Healing Salve |
| 12:12 | Thorium Armor |
| 12:47 | Envenomed Spears |
| 12:49 | Berserker Upgrade |
| 12:51 | Shaman Master Training |
| 12:54 | Shaman |
| 13:17 | War Drums Damage Increase |
| 13:49 | Arcanite Armor |
| 14:06 | Steel Ranged Weapons |
| 14:53 | Serpent Ward |
| Right click | 556 |
| Chat | 409 |
| Select | 222 |
| Select group | 131 |
| Build/train/purchase | 58 |
| Use ability | 48 |
| Assign group | 29 |
| Misc. action | 6 |
| Minimap ping | 4 |
| Esc | 2 |
105 units @ 13.9k
/ 1.1k
58 buildings @ 7k
/ 2.6k

| Lesser Clarity Potion | 3 | 210 |
| Scroll of Regeneration | 3 | 300 |
| Orb of Fire | 1 | 325 |
| Staff of Sanctuary | 1 | 250 |
| total: | 8 | 1085g |
| Peasant | 15 | 1125 | / | 0 |
| Footman | 12 | 1620 | / | 0 |
| Rifleman | 5 | 1025 | / | 150 |
| Spell Breaker | 5 | 1075 | / | 150 |
| Sorceress | 4 | 620 | / | 80 |
| Priest | 3 | 405 | / | 30 |
| total: | 44 | 5870g | / | 410w |
| Scout Tower | 8 | 240 | / | 160 |
| Guard Tower | 4 | 280 | / | 200 |
| Altar of Kings | 1 | 180 | / | 50 |
| Farm | 8 | 640 | / | 160 |
| Barracks | 1 | 160 | / | 60 |
| Arcane Vault | 1 | 130 | / | 30 |
| Lumber Mill | 1 | 120 | / | 0 |
| Town Hall | 1 | 385 | / | 205 |
| Blacksmith | 1 | 140 | / | 60 |
| Arcane Sanctum | 2 | 300 | / | 280 |
| Keep | 1 | 320 | / | 210 |
| Castle | 1 | 360 | / | 210 |
| total: | 24 | 2295g | / | 1005w |
| 0:02 | Peasant |
| 0:02 | Peasant |
| 0:07 | Altar of Kings |
| 0:18 | Farm |
| 0:25 | Barracks |
| 0:37 | Peasant |
| 0:37 | Peasant |
| 0:55 | Peasant |
| 0:55 | Peasant |
| 1:08 | Farm |
| 1:20 | Farm |
| 1:51 | Peasant |
| 1:51 | Peasant |
| 1:57 | Farm |
| 2:11 | Footman |
| 2:11 | Footman |
| 2:11 | Footman |
| 2:19 | Arcane Vault |
| 2:22 | Storm Bolt |
| 2:38 | Defend |
| 2:47 | Farm |
| 3:21 | Keep |
| 3:24 | Footman |
| 3:41 | Lumber Mill |
| 3:42 | Lesser Clarity Potion |
| 3:50 | Scroll of Regeneration |
| 4:14 | Footman |
| 4:59 | Thunder Clap |
| 5:06 | Town Hall |
| 5:08 | Scout Tower |
| 5:09 | Scout Tower |
| 5:11 | Scout Tower |
| 5:12 | Scout Tower |
| 5:25 | Scout Tower |
| 5:26 | Scout Tower |
| 5:27 | Scout Tower |
| 5:28 | Scout Tower |
| 5:39 | Guard Tower |
| 5:45 | Peasant |
| 5:45 | Peasant |
| 5:45 | Peasant |
| 5:45 | Peasant |
| 5:46 | Peasant |
| 5:46 | Peasant |
| 6:01 | Blacksmith |
| 6:03 | Lesser Clarity Potion |
| 6:12 | Guard Tower |
| 6:18 | Scroll of Regeneration |
| 6:28 | Guard Tower |
| 6:53 | Guard Tower |
| 6:56 | Peasant |
| 7:06 | Storm Bolt |
| 7:14 | Footman |
| 7:14 | Footman |
| 7:14 | Footman |
| 7:44 | Castle |
| 7:48 | Black Gunpowder |
| 9:31 | Arcane Sanctum |
| 9:32 | Arcane Sanctum |
| 9:37 | Footman |
| 9:38 | Footman |
| 9:38 | Footman |
| 9:38 | Footman |
| 9:44 | Rifleman |
| 9:44 | Rifleman |
| 9:44 | Rifleman |
| 9:44 | Rifleman |
| 9:44 | Rifleman |
| 10:00 | Scroll of Regeneration |
| 10:01 | Lesser Clarity Potion |
| 10:20 | Spell Breaker |
| 10:20 | Spell Breaker |
| 10:20 | Spell Breaker |
| 10:21 | Sorceress |
| 10:21 | Sorceress |
| 10:21 | Sorceress |
| 10:32 | Orb of Fire |
| 10:33 | Staff of Sanctuary |
| 10:44 | Farm |
| 10:44 | Farm |
| 10:45 | Farm |
| 10:56 | Priest |
| 10:57 | Priest |
| 10:57 | Sorceress |
| 10:57 | Priest |
| 10:57 | Spell Breaker |
| 11:04 | Spell Breaker |
| Right click | 438 |
| Select | 197 |
| Build/train/purchase | 82 |
| Resource trade | 15 |
| Use ability | 9 |
| Misc. action | 5 |
| Remove unit | 3 |
| Item give/drop | 1 |
| Minimap ping | 1 |

| Scroll of Regeneration | 1 | 100 |
| Mechanical Critter | 2 | 100 |
| total: | 3 | 200g |
| Peasant | 12 | 900 | / | 0 |
| Rifleman | 8 | 1640 | / | 240 |
| Goblin Zeppelin | 1 | 240 | / | 60 |
| total: | 21 | 2780g | / | 300w |
| Farm | 7 | 560 | / | 140 |
| Blacksmith | 1 | 140 | / | 60 |
| Altar of Kings | 1 | 180 | / | 50 |
| Arcane Vault | 1 | 130 | / | 30 |
| Barracks | 1 | 160 | / | 60 |
| Lumber Mill | 1 | 120 | / | 0 |
| Arcane Sanctum | 1 | 150 | / | 140 |
| Keep | 1 | 320 | / | 210 |
| total: | 13 | 1440g | / | 480w |
| 0:14 | Peasant |
| 0:14 | Peasant |
| 0:15 | Peasant |
| 0:15 | Peasant |
| 0:15 | Peasant |
| 0:15 | Peasant |
| 0:41 | Farm |
| 0:57 | Farm |
| 1:06 | Blacksmith |
| 1:12 | Altar of Kings |
| 1:22 | Peasant |
| 1:22 | Peasant |
| 1:23 | Peasant |
| 1:23 | Peasant |
| 1:44 | Peasant |
| 1:57 | Arcane Vault |
| 2:06 | Peasant |
| 2:17 | Barracks |
| 3:04 | Keep |
| 3:10 | Farm |
| 3:23 | Rifleman |
| 3:28 | Summon Water Elemental |
| 3:35 | Rifleman |
| 3:54 | Lumber Mill |
| 4:05 | Farm |
| 4:11 | Rifleman |
| 4:13 | Scroll of Regeneration |
| 4:30 | Black Gunpowder |
| 4:55 | Farm |
| 4:57 | Rifleman |
| 4:58 | Rifleman |
| 5:01 | Studded Leather Armor |
| 5:10 | Farm |
| 5:56 | Farm |
| 5:58 | Long Rifles |
| 6:07 | Mechanical Critter |
| 6:07 | Mechanical Critter |
| 6:24 | Rifleman |
| 6:26 | Refined Gunpowder |
| 6:41 | Arcane Sanctum |
| 6:45 | Brilliance Aura |
| 6:56 | Rifleman |
| 7:17 | Reinforced Leather Armor |
| 7:20 | Rifleman |
| 7:51 | Goblin Zeppelin |
| Right click | 96 |
| Select | 86 |
| Build/train/purchase | 47 |
| Chat | 9 |
| Use ability | 2 |
| Item give/drop | 2 |

| Potion of Mana | 1 | 200 |
| Scroll of Town Portal | 2 | 700 |
| Ivory Tower | 2 | 80 |
| total: | 5 | 980g |
| Peon | 7 | 525 | / | 0 |
| Troll Headhunter | 9 | 1260 | / | 180 |
| Troll Witch Doctor | 1 | 145 | / | 25 |
| Peasant | 2 | 150 | / | 0 |
| Rifleman | 2 | 410 | / | 60 |
| total: | 21 | 2490g | / | 265w |
| Orc Burrow | 3 | 480 | / | 120 |
| Altar of Storms | 1 | 180 | / | 50 |
| Barracks | 1 | 180 | / | 50 |
| War Mill | 1 | 205 | / | 0 |
| Voodoo Lounge | 1 | 130 | / | 30 |
| Spirit Lodge | 1 | 150 | / | 150 |
| Stronghold | 1 | 315 | / | 190 |
| Guard Tower | 1 | 70 | / | 50 |
| Farm | 1 | 80 | / | 20 |
| Lumber Mill | 1 | 120 | / | 0 |
| total: | 10 | 1525g | / | 420w |
| 0:05 | Peon |
| 0:13 | Peon |
| 0:26 | Peon |
| 0:40 | Orc Burrow |
| 0:45 | Altar of Storms |
| 0:47 | Peon |
| 0:55 | Peon |
| 1:26 | Peon |
| 1:29 | Barracks |
| 2:26 | Peon |
| 2:46 | War Mill |
| 3:20 | Orc Burrow |
| 3:29 | Serpent Ward |
| 4:03 | Troll Headhunter |
| 4:30 | Troll Headhunter |
| 4:41 | Stronghold |
| 4:50 | Troll Headhunter |
| 5:21 | Troll Headhunter |
| 5:37 | Voodoo Lounge |
| 5:49 | Troll Headhunter |
| 7:13 | Troll Headhunter |
| 7:29 | Troll Headhunter |
| 7:37 | Spirit Lodge |
| 7:44 | Orc Burrow |
| 7:47 | Steel Ranged Weapons |
| 7:56 | Troll Headhunter |
| 7:58 | Scroll of Town Portal |
| 8:23 | Troll Regeneration |
| 8:43 | Troll Headhunter |
| 9:00 | Summon Water Elemental |
| 9:21 | Peasant |
| 9:21 | Peasant |
| 9:24 | Farm |
| 9:29 | Lumber Mill |
| 9:44 | Witch Doctor Adept Training |
| 10:19 | Rifleman |
| 10:28 | Scroll of Town Portal |
| 10:29 | Potion of Mana |
| 10:31 | Ivory Tower |
| 10:31 | Ivory Tower |
| 10:41 | Troll Witch Doctor |
| 10:49 | Guard Tower |
| 10:54 | Rifleman |
| Right click | 191 |
| Select | 126 |
| Select group | 112 |
| Chat | 65 |
| Build/train/purchase | 39 |
| Misc. action | 26 |
| Assign group | 14 |
| Use ability | 14 |
| Remove unit | 6 |
| Minimap ping | 1 |


| Healing Salve | 2 | 200 |
| Lesser Clarity Potion | 1 | 70 |
| Scroll of Speed | 1 | 50 |
| total: | 4 | 320g |
| Peon | 8 | 600 | / | 0 |
| Grunt | 7 | 1400 | / | 0 |
| Raider | 4 | 720 | / | 160 |
| total: | 19 | 2720g | / | 160w |
| Watch Tower | 1 | 110 | / | 80 |
| Altar of Storms | 1 | 180 | / | 50 |
| Orc Burrow | 4 | 640 | / | 160 |
| Barracks | 1 | 180 | / | 50 |
| Voodoo Lounge | 1 | 130 | / | 30 |
| War Mill | 1 | 205 | / | 0 |
| Beastiary | 2 | 290 | / | 280 |
| Stronghold | 3 | 945 | / | 570 |
| Fortress | 2 | 650 | / | 380 |
| total: | 11 | 1735g | / | 650w |
| 0:04 | Peon |
| 0:04 | Peon |
| 0:07 | Altar of Storms |
| 0:12 | Orc Burrow |
| 0:25 | Peon |
| 0:38 | Barracks |
| 0:46 | Peon |
| 0:47 | Peon |
| 1:04 | Peon |
| 1:04 | Peon |
| 1:30 | Peon |
| 1:40 | Grunt |
| 1:45 | Voodoo Lounge |
| 2:05 | Grunt |
| 2:10 | Critical Strike |
| 2:16 | Grunt |
| 2:24 | Stronghold |
| 2:25 | Stronghold |
| 2:39 | Orc Burrow |
| 3:15 | War Mill |
| 3:37 | Grunt |
| 3:37 | Grunt |
| 3:38 | Grunt |
| 4:00 | Orc Burrow |
| 4:38 | Steel Melee Weapons |
| 4:41 | Wind Walk |
| 5:18 | Steel Armor |
| 5:28 | Pillage |
| 5:36 | Beastiary |
| 5:37 | Beastiary |
| 6:33 | Grunt |
| 7:07 | Raider |
| 7:16 | Watch Tower |
| 7:32 | Raider |
| 7:35 | Orc Burrow |
| 7:39 | Healing Salve |
| 7:40 | Lesser Clarity Potion |
| 7:45 | Healing Wave |
| 8:06 | Ensnare |
| 8:07 | Raider |
| 8:11 | Healing Salve |
| 8:11 | Scroll of Speed |
| 8:28 | Thorium Melee Weapons |
| 8:28 | Arcanite Melee Weapons |
| 9:45 | Critical Strike |
| 10:01 | Raider |
| 10:23 | Fortress |
| Right click | 715 |
| Select group | 387 |
| Select | 187 |
| Build/train/purchase | 67 |
| Assign group | 34 |
| Misc. action | 11 |
| Use ability | 11 |
| Esc | 3 |
| Minimap ping | 2 |
| Item give/drop | 1 |
โ